 Dungeon Crawl Stone Soup version 0.19.1-1-g22dce08 (webtiles) character file.

746 theAP the Skirmisher (level 7, -1/48 HPs)
             Began as a Gargoyle Fighter on Jan 10, 2017.
             Was an Initiate of Okawaru.
             Killed from afar by an orc wizard (9 damage)
             ... with a magic dart
             ... on level 5 of the Dungeon.
             The game lasted 00:07:48 (3246 turns).

theAP the Skirmisher (Gargoyle Fighter)             Turns: 3246, Time: 00:07:48

Health: -1/48      AC: 21    Str: 22    XL:     7   Next: 77%
Magic:  7/7        EV:  7    Int:  8    God:    Okawaru [......]
Gold:   138        SH: 10    Dex:  9    Spells: 0 memorised, 6 levels left

rFire  + . .     SeeInvis .     v - +1 flail (protect)
rCold  . . .     Gourm    .     b - +0 scale mail
rNeg   + . .     Faith    .     c - +1 shield
rPois  ∞         Spirit   .     p - +0 helmet
rElec  +         Reflect  .     (no cloak)
rCorr  .         Harm     +     (no gloves)
MR     .....                    k - +0 pair of boots
Stlth  ..........               r - amulet of harm
                                m - ring of protection from fire
                                g - ring of wizardry

@: protection aura
A: negative energy resistance 1, electricity resistance, unbreathing,
petrification resistance, rot immunity, AC +4
a: Renounce Religion


You were on level 5 of the Dungeon.
You worshipped Okawaru.
Okawaru was noncommittal.
You were very hungry.

You visited 1 branch of the dungeon, and saw 5 of its levels.

You collected 138 gold pieces.

Inventory:

Hand Weapons
 a - a +0 flail
 v - a +1 flail of protection (weapon)
Armour
 b - a +0 scale mail (worn)
 c - a +1 shield (worn)
 k - a +0 pair of boots (worn)
 p - a +0 helmet (worn)
Jewellery
 g - a ring of wizardry (left hand)
 m - a ring of protection from fire (right hand)
 r - an amulet of harm (around neck)
 t - an uncursed ring of resist corrosion
 w - a -3 ring of evasion
Wands
 x - a wand of paralysis (5/24)
Scrolls
 j - a scroll of immolation
 q - 2 scrolls of identify
 y - a scroll of fear
 A - a scroll of teleportation
 B - a scroll of remove curse
Potions
 d - a potion of might
 e - 2 potions of haste {unknown}
 n - a potion of lignification {unknown}
 o - a potion of brilliance {unknown}
 u - a potion of curing
 z - a potion of flight {unknown}
Comestibles
 f - a bread ration
 h - a slice of pizza
 i - 2 beef jerkies
 l - a royal jelly
 s - a meat ration


   Skills:
 + Level 7.0 Fighting
 + Level 6.1 Maces & Flails
 - Level 3.6 Armour
 - Level 0.1 Dodging
 - Level 3.3 Shields


You had 6 spell levels left.
You didn't know any spells.

Dungeon Overview and Level Annotations

Branches:
Dungeon (5/15)
 Temple: D:4-7

Altars:
Dithmenos
Gozag
Okawaru

Shops:
D:2 *


Innate Abilities, Weirdness & Mutations

You are resistant to torment.
Your stone body is resilient. (AC +4)
You are immune to poison.
You resist negative energy. (rN+)
You are resistant to electric shocks. (rElec)
You can survive without breathing.
You are immune to petrification.
You are immune to rotting.


Message History

You barely miss the orc priest.
The orc priest is almost dead.
You block the orc priest's attack. The orc wizard hits you with a dagger.
* * * LOW HITPOINT WARNING * * *
You block something's attack. The orc wizard barely misses you.
The orc priest hits you but does no damage.
You sock the orc priest!
Your weapon exudes an aura of protection.
You kill the orc priest!
Okawaru accepts your kill. Something hits you but does no damage.
The orc wizard hits you but does no damage.
Something hits you but does no damage.
You hit something but do no damage. The orc wizard completely misses you.
Something hits you but does no damage.
You hit something. You block the orc wizard's attack.
You hear some strange, mumbled words.
A magic dart appears from out of thin air!
The magic dart hits you!
You die...

#.#####(#≈≈≈≈≈≈### ...%
#.# #((((....._#. ....
##<## #.(#(≈≈≈≈≈###
.....#...###..##.#.#.#
......#.#.##.)##########
.....#.................
......#....#..#########.
..##.#...#.#.(########..
.......@{.....(.......[.
.....##)o.....########..
...#. ##.#..### ### .. #
#.#..... #.##.####
#.##.# #.# .# ... .#.


You could see an orc wizard.

Vanquished Creatures
  Edmund (D:5)
  A phantom (D:3)
  A centaur (D:5)
  A scorpion (D:5)
  A bullfrog zombie (D:5)
  A hound (D:4)
  3 orc priests
  A bullfrog skeleton (D:4)
  An iguana (D:5)
  A worker ant (D:5)
  Natasha (thrice) (D:2)
  2 adders
  A howler monkey skeleton (D:4)
  A shadow imp (D:5)
  An ooze (D:2)
  An adder skeleton (D:4)
  A worm (D:2)
  3 dart slugs
  A leopard gecko (D:5)
  7 orcs
  3 giant cockroaches
  5 hobgoblins
  11 jackals
  A quokka (D:3)
  6 bats
  9 frilled lizards
  9 goblins
  5 kobolds
  2 rats (D:2)
84 creatures vanquished.

Notes
Turn   | Place    | Note
-------+----------+-------------------------------------------
     0 | D:1      | theAP the Gargoyle Fighter began the quest for the Orb.
     0 | D:1      | Reached XP level 1. HP: 14/14 MP: 1/1
   155 | D:1      | Reached XP level 2. HP: 18/19 MP: 2/2
   771 | D:2      | Reached XP level 3. HP: 19/24 MP: 3/3
   934 | D:2      | Found an opulent altar of Gozag.
   935 | D:2      | Noticed Natasha
   938 | D:2      | Found Gozag's Platinum Reserve.
   946 | D:2      | Killed Natasha
   946 | D:2      | Reached skill level 4 in Fighting
   946 | D:2      | Reached XP level 4. HP: 26/29 MP: 4/4
  1205 | D:2      | Noticed Natasha
  1215 | D:2      | Killed Natasha
  1256 | D:2      | Noticed Natasha
  1260 | D:2      | Killed Natasha
  1260 | D:2      | Reached XP level 5. HP: 28/34 MP: 5/5
  1333 | D:3      | Found a shadowy altar of Dithmenos.
  1387 | D:3      | Reached skill level 5 in Fighting
  1666 | D:3      | Noticed a phantom
  1714 | D:3      | Killed a phantom
  1714 | D:3      | Reached XP level 6. HP: 10/40 MP: 6/6
  2762 | D:5      | Entered Level 5 of the Dungeon
  2780 | D:5      | Reached skill level 5 in Maces & Flails
  2846 | D:5      | Reached skill level 6 in Fighting
  2928 | D:5      | Noticed Edmund
  2953 | D:5      | Killed Edmund
  2953 | D:5      | Reached XP level 7. HP: 40/47 MP: 7/7
  3171 | D:5      | Found an iron altar of Okawaru.
  3194 | D:5      | Became a worshipper of Warmaster Okawaru
  3230 | D:5      | Reached skill level 7 in Fighting
  3246 | D:5      | Killed from afar by an orc wizard

Skill      XL: |  1  2  3  4  5  6  7 |
---------------+----------------------+-----
Fighting       | 4 5 6 7 |  7.0
Maces & Flails | 3 4 5 6 |  6.1
Armour         | |  3.6
Dodging        | |  0.1
Shields        | |  3.3

Action                   |  1- 3 |  4- 6 |  7- 9 || total
-------------------------+-------+-------+-------++-------
Melee: Flail             |   109 |   235 |    48 ||   392
  Use: Scroll            |       |     9 |       ||     9
       Potion            |       |     2 |       ||     2
  Eat: Chunk             |       |     7 |       ||     7
Armor: Scale mail        |    88 |   113 |    45 ||   246
Dodge: Dodged            |    55 |    69 |    27 ||   151
Block: Shield            |    76 |   120 |    40 ||   236
